[ PARTIDA AOE2 · #508067267 ]
UnrankedGodos vs Incas
Equipo del jugador · VICT
Equipo rival · DERR
[ ANÁLISIS DE REPETICIÓN · EXTRAÍDO DE LA PARTIDA GRABADA ]
Feudal
9:02
Castillos
22:46
Imperial
—
| APM promedio | 74.9 |
| APM pico | 124 |
| eAPM promedio | 28.6 |
| Aldeanos / militares | 64 / 79 |
Foco
⚔️ 48.2% · 🌾 51.8%
Militia ×45 · Archer ×34
Feudal
8:53
Castillos
24:35
Imperial
—
| APM promedio | 51.4 |
| APM pico | 74 |
| eAPM promedio | 24.0 |
| Aldeanos / militares | 60 / 16 |
Foco
⚔️ 34.6% · 🌾 65.4%
Unknown (2550) ×29 · Skirmisher ×15 · Spearman ×1
Mapa de la partida
Recursos iniciales + cada clic de construcción. Líneas = muros · curvas = relieve. ◆ oro · ⬟ piedra · ● bayas · ✦ reliquia · ◌ hueco del cierre
Tu base· Abierta — hueco de 4t
Base de boanaan· Abierta — flanco sin cerrar
Terreno inicial suavizado · ◌ = hueco del cierre detectado · pasá el cursor para detalles
Inputs por minuto
— Pathing - - boanaan
Build order — Pathing
Primeras 150 de 245 acciones detectadas
| 0:00 | Investigar | Loom |
| 0:00 | Encolar | Villager (Male) |
| 0:01 | Encolar | Villager (Male) |
| 0:02 | Construir | House |
| 0:02 | Construir | House |
| 0:21 | Encolar | Villager (Male) |
| 0:21 | Encolar | Villager (Male) |
| 1:25 | Encolar | Villager (Male) |
| 1:45 | Construir | Lumber Camp |
| 1:58 | Encolar | Villager (Male) |
| 1:59 | Encolar | Villager (Male) |
| 2:24 | Encolar | Villager (Male) |
| 2:46 | Encolar | Villager (Male) |
| 3:03 | Construir | House |
| 3:04 | Construir | Palisade Wall |
| 3:08 | Encolar | Villager (Male) |
| 3:34 | Encolar | Villager (Male) |
| 3:34 | Encolar | Villager (Male) |
| 4:02 | Encolar | Villager (Male) |
| 4:02 | Encolar | Villager (Male) |
| 4:32 | Encolar | Villager (Male) |
| 5:01 | Encolar | Villager (Male) |
| 5:07 | Encolar | Villager (Male) |
| 5:07 | Encolar | Villager (Male) |
| 5:30 | Construir | House |
| 6:09 | Construir | Barracks |
| 6:40 | Construir | House |
| 6:52 | Investigar | Feudal Age |
| 6:52 | Investigar | Feudal Age |
| 6:53 | Encolar | Militia |
| 6:54 | Encolar | Militia |
| 7:14 | Encolar | Militia |
| 7:30 | Encolar | Militia |
| 7:30 | Encolar | Militia |
| 7:47 | Construir | Mining Camp |
| 7:57 | Encolar | Villager (Male) |
| 8:46 | Construir | Palisade Wall |
| 8:47 | Construir | Palisade Wall |
| 8:48 | Construir | Palisade Wall |
| 8:59 | Construir | Palisade Wall |
| 9:00 | Construir | Palisade Wall |
| 9:02 | Edad | Edad Feudal |
| 9:04 | Investigar | Man-at-Arms (upgrade) |
| 9:09 | Construir | Archery Range |
| 9:17 | Investigar | Double-Bit Axe |
| 9:22 | Encolar | Villager (Male) |
| 9:47 | Encolar | Villager (Male) |
| 10:06 | Encolar | Archer |
| 10:07 | Encolar | Villager (Male) |
| 10:08 | Construir | House |
| 10:11 | Construir | Mill |
| 10:40 | Encolar | Archer |
| 10:40 | Encolar | Archer |
| 10:46 | Construir | House |
| 10:53 | Construir | Farm |
| 10:54 | Construir | Farm |
| 11:15 | Construir | Farm |
| 11:20 | Encolar | Archer |
| 11:22 | Encolar | Villager (Male) |
| 11:22 | Encolar | Villager (Male) |
| 11:23 | Construir | Farm |
| 11:31 | Construir | Palisade Wall |
| 11:32 | Construir | Palisade Wall |
| 11:34 | Construir | Palisade Wall |
| 11:35 | Construir | Palisade Wall |
| 11:44 | Encolar | Villager (Male) |
| 11:44 | Encolar | Villager (Male) |
| 11:51 | Encolar | Archer |
| 11:55 | Construir | House |
| 12:19 | Encolar | Villager (Male) |
| 12:25 | Construir | Blacksmith |
| 12:29 | Encolar | Archer |
| 12:33 | Encolar | Villager (Male) |
| 13:00 | Encolar | Villager (Male) |
| 13:02 | Encolar | Archer |
| 13:09 | Construir | House |
| 13:11 | Construir | Farm |
| 13:20 | Construir | Farm |
| 13:24 | Investigar | Fletching |
| 13:24 | Investigar | Fletching |
| 13:25 | Investigar | Fletching |
| 13:28 | Construir | Palisade Wall |
| 13:30 | Construir | Palisade Wall |
| 13:34 | Construir | Palisade Wall |
| 13:45 | Construir | House |
| 13:51 | Encolar | Villager (Male) |
| 13:51 | Encolar | Villager (Male) |
| 13:52 | Encolar | Villager (Male) |
| 13:55 | Construir | Farm |
| 13:55 | Construir | Farm |
| 13:59 | Encolar | Archer |
| 14:09 | Encolar | Villager (Male) |
| 14:10 | Encolar | Villager (Male) |
| 14:10 | Encolar | Villager (Male) |
| 14:26 | Encolar | Archer |
| 14:30 | Encolar | Villager (Male) |
| 14:45 | Encolar | Villager (Male) |
| 15:08 | Encolar | Villager (Male) |
| 15:11 | Construir | House |
| 15:12 | Encolar | Archer |
| 15:25 | Construir | Palisade Wall |
| 15:39 | Construir | Farm |
| 15:40 | Encolar | Militia |
| 15:44 | Encolar | Villager (Male) |
| 15:45 | Encolar | Archer |
| 15:58 | Encolar | Militia |
| 15:59 | Encolar | Villager (Male) |
| 16:00 | Investigar | Scale Mail Armor |
| 16:04 | Construir | House |
| 16:12 | Encolar | Militia |
| 16:14 | Construir | Farm |
| 16:20 | Encolar | Archer |
| 16:20 | Encolar | Archer |
| 16:29 | Construir | Farm |
| 16:30 | Investigar | Horse Collar |
| 16:35 | Encolar | Villager (Male) |
| 17:00 | Encolar | Archer |
| 17:05 | Encolar | Villager (Male) |
| 17:19 | Construir | House |
| 17:21 | Encolar | Villager (Male) |
| 17:25 | Construir | Farm |
| 17:26 | Construir | Farm |
| 17:39 | Encolar | Archer |
| 17:42 | Encolar | Villager (Male) |
| 17:53 | Construir | House |
| 18:01 | Encolar | Villager (Male) |
| 18:04 | Construir | Farm |
| 18:06 | Construir | Farm |
| 18:17 | Encolar | Villager (Male) |
| 18:31 | Construir | Market |
| 18:32 | Encolar | Archer |
| 18:41 | Encolar | Villager (Male) |
| 19:10 | Construir | Lumber Camp |
| 19:30 | Encolar | Villager (Male) |
| 19:41 | Encolar | Militia |
| 20:01 | Investigar | Castle Age |
| 20:02 | Construir | House |
| 20:06 | Construir | Barracks |
| 20:08 | Encolar | Archer |
| 20:31 | Encolar | Militia |
| 20:35 | Construir | House |
| 20:36 | Construir | House |
| 20:40 | Encolar | Militia |
| 20:41 | Encolar | Archer |
| 20:41 | Encolar | Archer |
| 20:43 | Investigar | Gold Mining |
| 20:43 | Investigar | Gold Mining |
| 21:00 | Encolar | Militia |
| 21:07 | Construir | House |
| 21:08 | Construir | House |
Build order — boanaan
Primeras 150 de 178 acciones detectadas
| 0:00 | Encolar | Villager (Male) |
| 0:02 | Construir | House |
| 0:02 | Construir | House |
| 0:03 | Encolar | Villager (Male) |
| 0:04 | Encolar | Villager (Male) |
| 0:04 | Encolar | Villager (Male) |
| 1:24 | Encolar | Villager (Male) |
| 1:52 | Construir | Settlement |
| 2:02 | Encolar | Villager (Male) |
| 2:29 | Encolar | Villager (Male) |
| 2:29 | Encolar | Villager (Male) |
| 2:30 | Encolar | Villager (Male) |
| 3:10 | Encolar | Villager (Male) |
| 3:44 | Encolar | Villager (Male) |
| 4:04 | Encolar | Villager (Male) |
| 4:36 | Encolar | Villager (Male) |
| 4:36 | Encolar | Villager (Male) |
| 5:14 | Encolar | Villager (Male) |
| 5:19 | Construir | Barracks |
| 5:45 | Encolar | Villager (Male) |
| 6:13 | Investigar | Loom |
| 6:43 | Investigar | Feudal Age |
| 7:05 | Construir | Settlement |
| 7:10 | Encolar | Unit 2550 |
| 7:37 | Encolar | Unit 2550 |
| 8:16 | Encolar | Villager (Male) |
| 8:17 | Encolar | Unit 2550 |
| 8:53 | Edad | Edad Feudal |
| 9:02 | Construir | House |
| 9:05 | Construir | House |
| 9:14 | Investigar | Double-Bit Axe |
| 9:20 | Encolar | Villager (Male) |
| 9:23 | Construir | Palisade Wall |
| 9:32 | Construir | House |
| 9:35 | Construir | Palisade Wall |
| 9:37 | Construir | Palisade Wall |
| 9:39 | Construir | Palisade Wall |
| 9:40 | Construir | Palisade Wall |
| 9:45 | Encolar | Villager (Male) |
| 9:54 | Investigar | Tech 1402 |
| 10:15 | Encolar | Villager (Male) |
| 10:43 | Encolar | Villager (Male) |
| 11:00 | Construir | Settlement |
| 11:04 | Encolar | Villager (Male) |
| 11:13 | Construir | Farm |
| 11:14 | Construir | Farm |
| 11:15 | Construir | Farm |
| 11:19 | Encolar | Unit 2550 |
| 11:33 | Encolar | Villager (Male) |
| 11:36 | Construir | Farm |
| 11:51 | Encolar | Villager (Male) |
| 12:15 | Construir | Archery Range |
| 12:22 | Encolar | Villager (Male) |
| 12:26 | Construir | Farm |
| 12:48 | Encolar | Villager (Male) |
| 13:05 | Encolar | Villager (Male) |
| 13:06 | Encolar | Spearman |
| 13:11 | Encolar | Skirmisher |
| 13:14 | Construir | Farm |
| 13:16 | Construir | Farm |
| 13:25 | Encolar | Skirmisher |
| 13:26 | Encolar | Villager (Male) |
| 13:48 | Encolar | Villager (Male) |
| 13:59 | Encolar | Skirmisher |
| 14:00 | Encolar | Villager (Male) |
| 14:15 | Construir | Blacksmith |
| 14:18 | Encolar | Unit 2550 |
| 14:28 | Encolar | Skirmisher |
| 14:32 | Encolar | Unit 2550 |
| 14:46 | Encolar | Skirmisher |
| 14:50 | Encolar | Skirmisher |
| 14:58 | Encolar | Skirmisher |
| 14:59 | Encolar | Unit 2550 |
| 14:59 | Encolar | Villager (Male) |
| 15:10 | Encolar | Skirmisher |
| 15:21 | Investigar | Padded Archer Armor |
| 15:21 | Encolar | Villager (Male) |
| 15:41 | Encolar | Villager (Male) |
| 15:43 | Construir | Farm |
| 15:46 | Encolar | Skirmisher |
| 15:57 | Encolar | Skirmisher |
| 16:02 | Construir | Farm |
| 16:04 | Construir | Farm |
| 16:06 | Encolar | Villager (Male) |
| 16:11 | Encolar | Villager (Male) |
| 16:13 | Encolar | Skirmisher |
| 16:22 | Construir | Farm |
| 16:38 | Encolar | Villager (Male) |
| 16:41 | Construir | Farm |
| 16:56 | Construir | Farm |
| 17:05 | Encolar | Skirmisher |
| 17:16 | Encolar | Unit 2550 |
| 17:16 | Encolar | Villager (Male) |
| 17:18 | Investigar | Fletching |
| 17:30 | Construir | Watch Tower |
| 17:42 | Encolar | Skirmisher |
| 17:43 | Encolar | Villager (Male) |
| 17:43 | Encolar | Villager (Male) |
| 17:47 | Encolar | Unit 2550 |
| 17:47 | Encolar | Unit 2550 |
| 18:09 | Encolar | Skirmisher |
| 18:27 | Encolar | Villager (Male) |
| 18:31 | Construir | Settlement |
| 18:41 | Encolar | Unit 2550 |
| 18:54 | Encolar | Skirmisher |
| 18:56 | Encolar | Villager (Male) |
| 18:59 | Construir | Farm |
| 19:17 | Encolar | Villager (Male) |
| 19:21 | Investigar | Horse Collar |
| 19:35 | Construir | Farm |
| 19:36 | Encolar | Villager (Male) |
| 19:47 | Encolar | Unit 2550 |
| 20:07 | Encolar | Villager (Male) |
| 20:09 | Construir | Farm |
| 20:12 | Construir | Farm |
| 20:16 | Construir | Farm |
| 20:36 | Encolar | Villager (Male) |
| 21:05 | Encolar | Villager (Male) |
| 21:20 | Construir | Barracks |
| 21:23 | Construir | Barracks |
| 21:30 | Encolar | Villager (Male) |
| 21:51 | Construir | House |
| 21:51 | Encolar | Villager (Male) |
| 21:53 | Investigar | Castle Age |
| 21:56 | Construir | Palisade Wall |
| 22:11 | Encolar | Unit 2550 |
| 22:14 | Encolar | Unit 2550 |
| 22:20 | Construir | Barracks |
| 22:23 | Investigar | Scale Mail Armor |
| 22:24 | Investigar | Scale Mail Armor |
| 22:42 | Construir | House |
| 22:44 | Construir | Palisade Wall |
| 23:02 | Encolar | Unit 2550 |
| 23:02 | Encolar | Unit 2550 |
| 23:55 | Encolar | Unit 2550 |
| 23:55 | Encolar | Unit 2550 |
| 23:58 | Encolar | Villager (Male) |
| 24:06 | Construir | Settlement |
| 24:09 | Construir | Market |
| 24:19 | Encolar | Villager (Male) |
| 24:35 | Edad | Edad de los Castillos |
| 24:35 | Investigar | Tech 1351 |
| 24:36 | Investigar | Tech 1351 |
| 24:55 | Investigar | Squires |
| 25:08 | Encolar | Villager (Male) |
| 25:24 | Encolar | Villager (Male) |
| 25:36 | Encolar | Unit 2550 |
| 25:36 | Encolar | Unit 2550 |
| 25:47 | Construir | Farm |
| 25:58 | Encolar | Unit 2550 |
Cronología de la partida
| 3:04 | Pathing · wall_segment Palisade Wall x1 |
| 5:19 | boanaan · first_building Barracks |
| 6:09 | Pathing · first_building Barracks |
| 8:46 | Pathing · wall_segment Palisade Wall x1 |
| 8:47 | Pathing · wall_segment Palisade Wall x1 |
| 8:48 | Pathing · wall_segment Palisade Wall x1 |
| 8:53 | boanaan · age_up feudal |
| 8:59 | Pathing · wall_segment Palisade Wall x1 |
| 9:00 | Pathing · wall_segment Palisade Wall x1 |
| 9:02 | Pathing · age_up feudal |
| 9:09 | Pathing · first_building Archery Range |
| 9:23 | boanaan · wall_segment Palisade Wall x1 |
| 9:35 | boanaan · wall_segment Palisade Wall x1 |
| 9:37 | boanaan · wall_segment Palisade Wall x2 |
| 9:39 | boanaan · wall_segment Palisade Wall x1 |
| 9:40 | boanaan · wall_segment Palisade Wall x1 |
| 11:31 | Pathing · wall_segment Palisade Wall x1 |
| 11:32 | Pathing · wall_segment Palisade Wall x1 |
| 11:34 | Pathing · wall_segment Palisade Wall x1 |
| 11:35 | Pathing · wall_segment Palisade Wall x1 |
| 12:15 | boanaan · first_building Archery Range |
| 13:28 | Pathing · wall_segment Palisade Wall x1 |
| 13:30 | Pathing · wall_segment Palisade Wall x1 |
| 13:34 | Pathing · wall_segment Palisade Wall x1 |
| 15:25 | Pathing · wall_segment Palisade Wall x4 |
| 19:38 | Pathing · first_market_sell 100 stone |
| 19:38 | Pathing · first_market_buy 100 food |
| 21:20 | Pathing · wall_segment Palisade Wall x1 |
| 21:21 | Pathing · wall_segment Palisade Wall x1 |
| 21:21 | Pathing · wall_segment Palisade Wall x1 |
| 21:42 | Pathing · wall_segment Palisade Wall x7 |
| 21:44 | Pathing · wall_segment Palisade Wall x9 |
| 21:56 | boanaan · wall_segment Palisade Wall x12 |
| 22:44 | boanaan · wall_segment Palisade Wall x9 |
| 22:46 | Pathing · age_up castle |
| 24:35 | boanaan · age_up castle |
| 24:46 | boanaan · first_market_sell 100 wood |
| 26:00 | boanaan · first_market_buy 100 food |
| 29:02 | boanaan · resign |
[ ANÁLISIS IA · 1 CRÉDITO ]
¿Qué pasó realmente en esta partida?
Wolo.gg analiza cada decisión: build order, eco, micro, errores típicos por bracket. Análisis personalizado por WhatsApp o Discord en 30 segundos.
Guía civ
Godos
Perfil
Jugador #2573480